cohdb
Replays
Latest Replays
All Replays
Popular Replays
Top Player Replays
Match Explorer
How It Works
Community
CoH3 Stats
Reddit
Sign in to upload your games and track your stats! →
Sign in with Steam
Match 42822781
Unlisted
Match 42822781
Overview
Messages
Build Orders
End
Panzergrenadier Squad
Selects Italian Infantry
Panzergrenadier Squad
Panzergrenadier Squad
Construct Light Support Kompanie
2.5-tonne Medical Truck
Fire Support Elements
Veteran Squad Leaders
Construct Panzerarmee Kommand
Tungsten Core Ammunition
Selects Guastatori Squad
Selects Registered Artillery
Selects Defensive Operations
Panzer III L Medium Tank
Guastatori Squad
Panzer III L Medium Tank
Selects Territory Booby Traps
Selects Propaganda War
Panzer III L Medium Tank
Panzer III L Medium Tank
Panzer III L Medium Tank
Panzer III L Medium Tank
Panzer III L Medium Tank
Panzer III L Medium Tank
colinmeier50
Enoche
RunningWithFate
Onoyk
0
0
Comments
sign in to comment!
No comments posted yet!